 Dungeon Crawl Stone Soup version 0.20.1-1-g8b1a95d (webtiles) character file.

238 tirato the Covert (level 5, -3/26 HPs)
             Began as a Spriggan Assassin on July 12, 2017.
             Killed from afar by Natasha (6 damage)
             ... with a magic dart
             ... on level 3 of the Dungeon.
             The game lasted 00:21:01 (6489 turns).

tirato the Covert (Spriggan Assassin)               Turns: 6489, Time: 00:21:01

Health: -3/26      AC:  3    Str:  7    XL:     5   Next: 78%
Magic:  6/6        EV: 20    Int: 12    God:
Gold:   232        SH:  0    Dex: 19    Spells: 4/4 levels left

rFire    . . .     SeeInvis +   a - +2 dagger
rCold    . . .     Gourm    .   (shield restricted)
rNeg     + . .     Faith    .   c - +0 robe
rPois    .         Spirit   .   (helmet restricted)
rElec    .         Reflect  .   d - +0 cloak
rCorr    .         Harm     .   (gloves unavailable)
MR       .....                  (boots unavailable)
Stlth    ++++......             (no amulet)
Regen    0.1/turn               j - ring of positive energy
MPRegen  0.1/turn               (no ring)

@: very quick
A: unfitting armour, see invisible, herbivore 3, speed 3, slow metabolism 2
a: no special abilities


You were on level 3 of the Dungeon.
You were full.

You visited 1 branch of the dungeon, and saw 3 of its levels.

You collected 232 gold pieces.

Inventory:

Hand Weapons
 a - a +2 dagger (weapon)
 b - a +0 blowgun
 n - a +1 dagger of holy wrath
Missiles
 e - 23 poisoned needles
 f - 2 curare-tipped needles
Armour
 c - a +0 robe (worn)
 d - a +0 cloak (worn)
Jewellery
 j - a ring of positive energy (left hand)
Scrolls
 h - a scroll of enchant weapon {unknown}
 k - a scroll of immolation {unknown}
 l - 3 scrolls of teleportation {unknown}
 o - 3 scrolls of identify {unknown}
 p - a scroll of fear {unknown}
Potions
 i - a potion of agility {unknown}
 m - a potion of degeneration {unknown}
 q - a potion of heal wounds {unknown}
 r - a potion of lignification {unknown}
Comestibles
 g - a bread ration


   Skills:
 + Level 2.0 Fighting
 + Level 3.6 Short Blades
 + Level 2.4 Throwing
 + Level 3.9 Dodging
 + Level 8.3 Stealth


You had 4 spell levels left.
You didn't know any spells.

Dungeon Overview and Level Annotations

Branches:
Dungeon (3/15)

Altars:
Okawaru

Annotations:
D:3 Natasha


Innate Abilities, Weirdness & Mutations

You are very small and have problems with some larger weapons.
You are too small for most types of armour.
You have supernaturally acute eyesight. (SInv)
You are a herbivore.
You cover ground extremely quickly.
You need consume almost no food.


Message History

Natasha is lightly wounded.
Natasha closely misses you.
Natasha stares at you and mumbles some strange words.
The magic dart hits you!
There is a stone staircase leading down here.
You hit Natasha.
Natasha is moderately wounded.
Natasha closely misses you.
The crimson imp grinds its teeth.
The crimson imp disappears for a moment.
Natasha howls an incantation.
Natasha's front paws start to glow.
Natasha casts a spell at you. The magic dart hits you!
* * * LOW HITPOINT WARNING * * *
Natasha casts a spell at you.
You easily resist.
Natasha casts a spell at you. The magic dart hits you!
You die...

#.<.# #.# #...####.#.#
#...5>...#.#
##.5#####.#.#
#....h..#.#.####
##.###.##.#....#######
#.# #....#...........
#.###....##...######
#.†...@..''.....#
######...##...#.#
#...##...#.#
#...######.#######
##### #........
#########


You could see Natasha.

Vanquished Creatures
  3 gnolls (D:2)
  11 adders
  A worm (D:3)
  4 dart slugs
  3 leopard geckos
  6 orcs (D:3)
  A ball python (D:3)
  9 giant cockroaches
  10 goblins
  8 hobgoblins
  3 jackals (D:2)
  8 kobolds
  7 bats
  7 frilled lizards
  9 rats
90 creatures vanquished.

Notes
Turn   | Place    | Note
-------+----------+-------------------------------------------
     0 | D:1      | tirato the Spriggan Assassin began the quest for the Orb.
     0 | D:1      | Reached XP level 1. HP: 10/10 MP: 2/2
    46 | D:1      | Reached skill level 6 in Stealth
   601 | D:1      | Reached XP level 2. HP: 14/14 MP: 3/3
  1475 | D:1      | Reached XP level 3. HP: 17/18 MP: 4/4
  1751 | D:2      | Reached skill level 7 in Stealth
  2156 | D:2      | Reached XP level 4. HP: 23/23 MP: 5/5
  2884 | D:2      | Found an iron altar of Okawaru.
  3045 | D:2      | Reached XP level 5. HP: 14/26 MP: 6/6
  5069 | D:3      | Reached skill level 8 in Stealth
  6465 | D:3      | Noticed Natasha
  6489 | D:3      | Killed from afar by Natasha

Skill      XL: |  1  2  3  4  5 |
---------------+----------------+-----
Stealth        | 6 7 8 |  8.3
Dodging        | 2 3 |  3.9
Short Blades   | 3 |  3.6
Fighting       | 2 |  2.0
Throwing       | |  2.4

Action                   |  1- 3 |  4- 6 || total
-------------------------+-------+-------++-------
Melee: Dagger            |   110 |   335 ||   445
 Stab: Sleeping          |    10 |    13 ||    23
       Distracted        |     1 |     1 ||     2
  Eat: Fruit             |       |     2 ||     2
       Bread ration      |       |     1 ||     1
Armor: Robe              |     8 |    35 ||    43
Dodge: Dodged            |    62 |   277 ||   339
